 Dungeon Crawl Stone Soup version 0.26.1-11-gd32895ea62 (webtiles) character file.

Game seed: 15551951195641883717

48 DildoBatman the Conjurer (level 4, -7/30 HPs)
             Began as a Formicid Conjurer on May 26, 2021.
             Killed from afar by Natasha (9 damage)
             ... with a magic dart
             ... on level 1 of the Dungeon.
             The game lasted 00:03:25 (1226 turns).

DildoBatman the Conjurer (Formicid Conjurer)        Turns: 1226, Time: 00:03:26

Health: -7/30      AC:  2    Str: 11    XL:     4   Next: 0%
Magic:  7/7        EV: 12    Int: 19    God:
Gold:   126        SH:  0    Dex:  9    Spells: 4/7 levels left

rFire    . . .     SeeInvis +   e - +0 short sword
rCold    . . .     Faith    .   (no shield)
rNeg     . . .     Spirit   .   a - +0 robe
rPois    .         Reflect  .   (helmet unavailable)
rElec    .         Harm     .   (no cloak)
rCorr    .         Rampage  .   (no gloves)
Will     .....                  (no boots)
Stlth    ++........             k - amulet of inaccuracy (curse)
HPRegen  0.10/turn              (no ring)
MPRegen  0.10/turn              (no ring)

@: no status effects
A: permanent stasis, dig shafts and tunnels, four strong arms, antennae 3
a: Dig, Shaft Self


You were on level 1 of the Dungeon.
You visited 1 branch of the dungeon, and saw 2 of its levels.

You collected 126 gold pieces.

Inventory:

Hand Weapons
 e - a +0 short sword (weapon)
Missiles
 d - 23 bolts
 f - 3 javelins
 m - 22 stones
Armour
 a - a +0 robe (worn)
Jewellery
 k - a cursed amulet of inaccuracy (around neck)
Scrolls
 b - 2 scrolls of identify {unknown}
 g - a scroll of enchant armour {unknown}
 h - a scroll of noise {unknown}
 i - a scroll of magic mapping {unknown}
Potions
 c - a potion of heal wounds {unknown}
 j - a potion of ambrosia {unknown}
 l - a potion of brilliance {unknown}


   Skills:
 - Level 1.7 Dodging
 - Level 2.4 Stealth
 - Level 2.1 Spellcasting
 * Level 4.8 Conjurations


You had 4 spell levels left.
You knew the following spells:

 Your Spells              Type           Power        Failure   Level
a - Searing Ray           Conj           40%          3%          2
c - Magic Dart            Conj           80%          2%          1

Your spell library contained the following spells:

 Spells                   Type           Power        Failure   Level
 Dazzling Flash           Conj/Hex       22%          19%         3
 Fulminant Prism          Conj/Hex       5%           52%         4
 Iskenderun's Mystic Bla  Conj/Tloc      11%          52%         4


Dungeon Overview and Level Annotations

Branches:
Dungeon (2/15)

Altars:

Annotations:
D:1 Jessica, Natasha
D:2 1 exclusion


Innate Abilities, Weirdness & Mutations

You cannot be hasted, slowed, berserked, paralysed or teleported.
You can dig through walls and to a lower floor.
Your four strong arms can wield two-handed weapons with a shield.
You have a pair of large antennae on your head. (SInv)


Message History

There is a stone staircase leading down here.
You extend your mandibles.
You dig through the rock wall.
Natasha casts a spell at you. The magic dart hits you!
You dig through the rock wall.
You retract your mandibles.
You extend your mandibles.
You dig through the rock wall.
You dig through the rock wall.
You dig through the rock wall.
You dig through the rock wall.
Natasha stares at you and mumbles some strange words.
Your stasis prevents you from being slowed.
You dig through the rock wall.
You retract your mandibles.
There is a stone staircase leading down here.
Natasha casts a spell at you. The magic dart hits you!
You die...

#.. ### ############
#..........#
#.##.##.##.#############
#.##....##.##..........#
#.##.##.##)##.########)#
#.##.##...@...# #.#
#..........#### #.#
####.....##h## #.#
####.##.##.##### #.####
#......##......# #....#
#.##.#.h.#.....## ####.#
#.##.#.###......# ###..
#.#..#.# #......# #....
#.#.##.# #......# #.#..


You could see Natasha.

Vanquished Creatures
  An adder (D:2)
  2 oozes (D:1)
  A ball python (D:1)
  A bat (D:1)
  2 giant cockroaches (D:1)
  A goblin (D:1)
  4 hobgoblins (D:1)
  7 jackals
  3 kobolds (D:1)
  5 rats (D:1)
27 creatures vanquished.

Notes
Turn   | Place    | Note
-------+----------+-------------------------------------------
     0 | D:1      | DildoBatman the Formicid Conjurer began the quest for the
                  | Orb.
     0 | D:1      | Reached XP level 1. HP: 13/13 MP: 3/3
   178 | D:1      | Reached XP level 2. HP: 11/19 MP: 3/5
   181 | D:1      | Learned a level 2 spell: Searing Ray
   221 | D:1      | Reached skill level 4 in Conjurations
   585 | D:1      | Reached XP level 3. HP: 24/24 MP: 2/6
   923 | D:2      | Noticed Jessica
   959 | D:2      | Noticed Natasha
  1163 | D:2      | Reached XP level 4. HP: 20/30 MP: 4/7
  1216 | D:1      | HP: 1/30 [Natasha/magic dart (9)]
  1226 | D:1      | Killed from afar by Natasha

Illustrated notes

Levels and vault maps discovered:
D:1:      psy_arrival_fountain, layout_loops_cross
D:2:      layout_loops_cross, uniq_jessica, uniq_natasha

Skill      XL: |  1  2 |
---------------+-------+-----
Conjurations   | 4 |  4.8
Dodging        | |  1.7
Stealth        | |  2.4
Spellcasting   | |  2.1

Action                   |  1- 3 |  4- 6 || total
-------------------------+-------+-------++-------
Melee: Short sword       |     4 |       ||     4
 Cast: Magic Dart        |    28 |       ||    28
       Searing Ray       |     8 |       ||     8
 Abil: Dig               |     4 |     5 ||     9
Armor: Robe              |    10 |     2 ||    12
Dodge: Dodged            |    29 |     4 ||    33
